Cheryl, chaotic female vampiric Barbarian ---- |<..--- ------- ---- |.....-- |.....| .. --..|....|. |.(_..| -.- --.|-.....--- |.....| --.| --|.........| ---.- ---%--- .---- ---+-..--- ---.|....| --....- |.| |.| --+-.....-+--........--+- -----..| .|......--- |)| |.|--- -......--................| |..|.......%.....---.-- |.-..| .......--..--------|--..-- --......)--...........----- |.|..| ...{....| |.....![%)|..-- |........|...|...........---|.|..| -.......| |*))??*.?%|...| ----....-------...---......-|.|------....--- -----------...| |...-- - -...|.--..|...|.. ------ |....... .-- -....|........-- .-|.(((| |.------ ..........--....| ...Z.(((| |.|%..-. ..|...`.......|-...|...-|.]((| |.|...| -%....)..)--..| ..Vd...|------ |.--|------- --.......-- --- .|....|--------..).)|....| --...--- |...--......|...{.).).-.| ----- --.))%.----........|..|(| ------- --------------- Cheryl the Bandit Experience level: 8 Strength: 17 Dexterity: 19 Constitution: 19 Intelligence: 7 Wisdom: 7 Charisma: 6 Health: 0(105) Energy: 37(37) AC: 3 Gold: 0 Moves: 2081 Your Inventory: Weapons a - an uncursed +0 two-handed sword (weapon in hands) b - an uncursed +0 axe (alternate weapon; not wielded) Armor c - an uncursed +0 ring mail (being worn) G - a blessed +0 dwarvish iron helm (being worn) H - an uncursed +0 pair of iron shoes (being worn) I - an uncursed +0 dwarvish cloak (being worn) Comestibles q - an [uncursed] cream pie r - an [uncursed] carrot Rings e - a cursed ring called plain (c) 100 [of hunger] U - an [uncursed +1] amber ring [of adornment] Wands l - an uncursed wand of enlightenment [0:12] Y - an [uncursed] wand of death [0:4] Tools n - an uncursed blindfold u - 5 uncursed [tallow] candles F - an [uncursed] bag [sack] J - an uncursed [+0] pick-axe L - an uncursed [oil] lamp called oil S - an [uncursed] magic marker [0:73] Contents of the sack: 807 gold pieces an [uncursed +0] aklys [of fire and searching] an [uncursed +0] helmet an [uncursed +0] pair of leather gloves an [uncursed +0] studded leather armor 2 uncursed scrolls called MAPI ea/rc [of enchant armor] an uncursed scroll called light [of light] an [uncursed] scroll labeled AQUE BRAGH [of identify] a blessed unlabeled scroll [of blank paper] 2 uncursed unlabeled scrolls [of blank paper] an [uncursed] decrepit spellbook [of healing] an uncursed potion called sbl 100 [of healing] a cursed potion called sbl 100 [of healing] a cursed potion called silv 200 [of speed] an uncursed potion of vampire blood an uncursed blue gem [worthless glass] an [uncursed] orange gem [worthless glass] 2 uncursed white gems [worthless glass] an uncursed yellowish brown gem [worthless glass] Spells known in the end: Name Level Category Fail Memory Your skills at the end: Fighting Skills bare handed combat [Basic / Master] Weapon Skills axe [Basic / Expert] two-handed sword [Basic / Expert] Spellcasting Skills Final Attributes: You were stridently aligned. Hunger level was 185. Your alignment was 5 / 20. Monster difficulty range was 1 - 7. Level difficulty was 7. You were immune to poison. You were immune to level-drain. You could fly. You could survive without air. You regenerated. You were fast. Your luck was zero. You are dead. Vanquished creatures: a small mimic 4 ettin zombies 2 watchmen a snow ant a rock piercer a rock mole a fog cloud 7 gnome lords a gnomish wizard a red naga hatchling a paper golem a giant ant 3 kittens 6 dwarves a kobold lord 2 hill orcs a giant bat a dwarf zombie an iguana 7 killer bees a coyote a hobbit a brown mold 16 gnomes 2 geckos a jackal a goblin 2 sewer rats a grid bug 2 kobold zombies 2 newts 74 creatures vanquished. Voluntary challenges: You used a wielded weapon 89 times. You read items or engraved 1 time. You put on armor 7 times. You never genocided any monsters. You never polymorphed an object. You never changed form. You used no wishes. You wrote Elbereth's name 1 time. You never encountered a bones level. You never used any Sokoban shortcuts. Dungeon overview: The Dungeons of Doom: levels 1 to 5 Level 1 a long staircase Level 2 a fountain, a sink Level 4 an altar, a fountain stairs to The Gnomish Mines The Gnomish Mines: levels 5 to 7 Level 5 stairs to The Dungeons of Doom Level 7 <- You were here some shops, a temple, a magic chest, some fountains History has recorded: On T:1 you entered the Dungeons of Doom to retrieve the Amulet of Yendor! On T:291 you reached level 2 of The Dungeons of Doom. On T:636 you reached level 3 of The Dungeons of Doom. On T:676 you advanced to experience level 2. On T:736 you advanced to experience level 3. On T:743 you reached level 4 of The Dungeons of Doom. On T:746 you advanced to experience level 4. On T:767 you reached level 5 of The Dungeons of Doom. On T:826 you advanced to experience level 5. On T:1055 you reached level 1 of The Gnomish Mines. On T:1134 you advanced to experience level 6. On T:1519 you reached level 2 of The Gnomish Mines. On T:1551 you advanced to experience level 7. On T:1627 you reached level 3 of The Gnomish Mines. On T:1924 you advanced to experience level 8. Latest messages: The watchman thrusts his dwarvish short sword. The watchman misses. [HP-31=16] [2 turns] You scrawl with your fingers onto the floor. The wolf turns to flee! (3x) The killer bee turns to flee! The watchman thrusts his dwarvish short sword. The watchman misses. [HP+1=17] You smite the watchman. You bite the watchman. The watchman hits! [HP-1=16] [2 turns] [HP+1=17] The wolf bites! (2x) The watchman hits! [HP-15=2] The wolf bites! You die... Final status: Goodbye Cheryl the Barbarian... You died in The Gnomish Mines on dungeon level 7 with 5107 points, and 807 pieces of gold, after 2081 moves. You were level 8 with a maximum of 105 hit points when you died.